 Dungeon Crawl Stone Soup version 0.17-a0-1718-g72dbe4d (webtiles) character file.

227 Gruud the Digger (level 5, 0/35 HPs)
             Began as a Demonspawn Earth Elementalist on Aug 24, 2015.
             Slain by a river rat (3 damage)
             ... on level 4 of the Dungeon.
             The game lasted 00:21:44 (3989 turns).

Gruud the Digger (Demonspawn Earth Elementalist)    Turns: 3989, Time: 00:21:44

Health: 0/35       AC:  4    Str:  9    XL:     5   Next: 70%
Magic:  0/10       EV: 12    Int: 17    God:
Gold:   162        SH:  0    Dex: 13    Spells: 3 memorised, 4 levels left

rFire  . . .     SeeInvis .     a - +0 trident
rCold  . . .     Clarity  .     l - +0 robe
rNeg   . . .     SustAt   .     (no shield)
rPois  .         Gourm    .     (helmet restricted)
rElec  .         Spirit   .     e - +0 cloak
rCorr  .         Warding  .     f - +0 pair of gloves
rMut   .         Stasis   .     (no boots)
MR     .....                    (no amulet)
Stlth  ++........               (no ring)
                                (no ring)

@: very slightly contaminated, drained, not resistant to hostile enchantments,
unstealthy
A: antennae 2, powered by death 1
a: no special abilities


You were on level 4 of the Dungeon.
You were hungry.

You visited 1 branch of the dungeon, and saw 4 of its levels.

You collected 162 gold pieces.

Inventory:

Hand weapons
 a - a +0 trident (weapon)
 h - a +1 whip of pain
Missiles
 b - 18 stones (quivered)
 r - 15 poisoned needles
Armour
 e - a +0 cloak (worn)
 f - a +0 pair of gloves (worn)
 l - a +0 robe (worn)
Magical devices
 C - a wand of magic darts (28)
Scrolls
 g - a scroll of noise {unknown}
 n - a scroll of identify
 o - a scroll of enchant weapon {unknown}
 p - a scroll of magic mapping {unknown}
 q - a scroll of enchant armour {unknown}
 t - a scroll of blinking {unknown}
 u - 2 scrolls of teleportation {unknown}
 v - a scroll of fear {unknown}
 w - a scroll of recharging {unknown}
 x - a scroll of random uselessness {unknown}
 y - 2 scrolls of remove curse {unknown}
 z - a scroll of immolation {unknown}
 B - a scroll of fog {unknown}
Potions
 m - a potion of cancellation
 s - a potion of magic
 A - a potion of resistance
Books
 c - a book of Geomancy

   Spells                             Type                      Level
   a - Sandblast                      Earth                        1
   b - Stoneskin                      Transmutation/Earth          2
   c - Passwall                       Transmutation/Earth          3
   d - Stone Arrow                    Conjuration/Earth            3
   e - Petrify                        Transmutation/Earth          4
   f - Lee's Rapid Deconstruction     Earth                        5
Comestibles
 d - 4 bread rations
 i - 6 fruits
 j - 3 meat rations
 k - 2 slices of pizza


   Skills:
 - Level 1.7(1.3) Dodging
 - Level 1.7(1.3) Stealth
 + Level 3.3(2.8) Spellcasting
 - Level 0.8(0.4) Transmutations
 * Level 5.2(4.7) Earth Magic


You had 4 spell levels left.
You knew the following spells:

 Your Spells              Type           Power        Failure   Level  Hunger
a - Sandblast             Erth           ###...       2%          1    #......
b - Stoneskin             Trmt/Erth      ##......     12%         2    ##.....
c - Stone Arrow           Conj/Erth      ##....       21%         3    ###....


Dungeon Overview and Level Annotations

Branches:
Dungeon (4/15)
 Temple: D:4-7

Altars:
Nemelex Xobeh
Okawaru
Qazlal
Ru
Yredelemnul
Zin


Innate Abilities, Weirdness & Mutations

You have a pair of antennae on your head.
You regenerate a little health from kills.


Message History

Aim: a river rat (heavily wounded)
You miscast Stone Arrow.
You are very lightly contaminated with residual magic.
Your hair stands on end.
The river rat bites you but does no damage.
You completely miss the river rat.
The river rat is heavily wounded.
The river rat bites you.
* * * LOW HITPOINT WARNING * * *
You barely miss the river rat.
The river rat is heavily wounded.
The river rat bites you.
* * * LOW HITPOINT WARNING * * *
You hit the river rat.
The river rat is severely wounded.
The river rat bites you but does no damage. x2
You closely miss the river rat.
The river rat is severely wounded.
The river rat bites you.
You die...

§§P§..####..##.#.###.##
.)P♣♣..####.####......#
..♣≈♣♣...........######
.P♣♣§P.......#......#
♣..PP§.###.#........#
†PP.♣♣.###.#.......<#
...♣♣..........#.####
♣.♣♣♣..###.....#r#
♣♣P....#....#..#@#
♣♣.P...#.##......#
♣P.P.....####.#..#
...#######....#.># .###
####.##.# .# #.##(# ##
#....# ######


You could see a river rat.

Vanquished Creatures
  A scorpion (D:4)
  7 adders
  2 gnolls (D:4)
  2 river rats (D:4)
  An adder skeleton (D:4)
  3 giant geckos
  7 orcs
  8 bats
  7 hobgoblins
  8 kobolds
  5 giant cockroaches
  4 giant newts
  5 goblins
  8 jackals
  9 rats
77 creatures vanquished.

Vanquished Creatures (others)
  5 plants (D:4)
5 creatures vanquished.

Grand Total: 82 creatures vanquished

Notes
Turn   | Place    | Note
--------------------------------------------------------------
     0 | D:1      | Gruud the Demonspawn Earth Elementalist began the quest for the Orb.
     0 | D:1      | Reached XP level 1. HP: 13/13 MP: 3/3
   202 | D:1      | Reached skill level 3 in Earth Magic
   555 | D:1      | Gained mutation: You have a pair of small antennae on your head. [demonic ancestry]
   555 | D:1      | Reached XP level 2. HP: 19/19 MP: 0/5
   662 | D:1      | Learned a level 2 spell: Stoneskin
   779 | D:1      | Found an iron altar of Okawaru.
  1289 | D:2      | Gained mutation: You have a pair of antennae on your head. [demonic ancestry]
  1289 | D:2      | Reached XP level 3. HP: 24/24 MP: 3/6
  1303 | D:2      | Found a sparkling altar of Nemelex Xobeh.
  1473 | D:2      | Reached skill level 4 in Earth Magic
  1534 | D:2      | Reached XP level 4. HP: 27/30 MP: 0/7
  1645 | D:2      | Found a sacrificial altar of Ru.
  1830 | D:2      | Learned a level 3 spell: Stone Arrow
  2414 | D:3      | Found a stormy altar of Qazlal.
  2453 | D:3      | Found a glowing silver altar of Zin.
  2661 | D:3      | Found a faded altar to an unknown god.
  2933 | D:4      | Got a slimy leather armour
  2947 | D:3      | Identified the +3 leather armour of Bextu {*Corrode *Drain Dex+9 SInv} (You found it on level 4 of the Dungeon)
  2983 | D:4      | Gained mutation: You regenerate a little health from kills. [demonic ancestry]
  2983 | D:4      | Reached XP level 5. HP: 5/35 MP: 0/9
  3397 | D:4      | Found a basalt altar of Yredelemnul.
  3594 | D:4      | Reached skill level 5 in Earth Magic
  3834 | D:4      | Found a sparkling altar of Nemelex Xobeh.
  3989 | D:4      | Slain by a river rat

Vault maps used:
D:1:      elethiomel_arrival_maze, okawaru_ov_weapons_minmay
D:2:      nemelex_xobeh_ov_fountains_minmay, lemuel_doored_altar,
          minmay_misc_feat_tiny
D:3:      zin_academy, ecumenical_altar_1, nicolae_qazlal_eye_of_the_storm
D:4:      wad_woods_stonehenge, kennysheep_mini, first_bread,
          grunt_ministairs_4, serial_bayou_lagoon_b

Action                   |  1- 3 |  4- 6 || total
-------------------------+-------+-------++-------
Melee: Unarmed           |     1 |       ||     1
       Spear             |       |    58 ||    58
       Trident           |       |    46 ||    46
Throw: Stone             |       |     1 ||     1
 Cast: Sandblast         |    70 |    66 ||   136
       Stoneskin         |       |     1 ||     1
       Stone Arrow       |       |     6 ||     6
  Use: Scroll            |       |     5 ||     5
       Potion            |       |     2 ||     2
 Stab: Sleeping          |     1 |     2 ||     3
       Distracted        |       |     1 ||     1
  Eat: Chunk             |     3 |     7 ||    10
       Beef jerky        |       |     1 ||     1
